 Dungeon Crawl Stone Soup version 0.25.0-11-g1f837a76a1 (webtiles) character file.

Game seed: 7135859044589487282

543 Esekla the Chopper (level 7, -1/62 HPs)
             Began as a Deep Dwarf Chaos Knight on June 26, 2020.
             Was a Plaything of Xom.
             Slain by an ogre
             ... wielding a +0 giant club
              (22 damage)
             ... on level 4 of the Dungeon.
             The game lasted 00:21:40 (2273 turns).

Esekla the Chopper (Deep Dwarf Chaos Knight)        Turns: 2273, Time: 00:21:41

Health: -1/62      AC:  4    Str: 18    XL:     7   Next: 6%
Magic:  9/9        EV: 12    Int: 10    God:    Xom [......]
Gold:   152        SH:  0    Dex: 12    Spells: 10/10 levels left

rFire    . . .     SeeInvis +   a - +0 hand axe (vamp)
rCold    . . .     Gourm    .   (no shield)
rNeg     . . .     Faith    .   e - +1 leather armour "Loefigg" {MR++}
rPois    .         Spirit   .   (no helmet)
rElec    .         Reflect  .   (no cloak)
rCorr    .         Harm     .   (no gloves)
MR       +++..                  (no boots)
Stlth    +.........             (no amulet)
HPRegen  0.00/turn              r - ring of see invisible
MPRegen  0.11/turn              (no ring)

@: non-regenerating
A: damage resistance, heal wounds, blurry vision 1, deterioration 1, dopey 1,
sense surroundings 2, screaming 1, no regeneration
a: Heal Wounds, Renounce Religion


You were on level 4 of the Dungeon.
You worshipped Xom.
You were a very special plaything of Xom.
You were not hungry.

You visited 1 branch of the dungeon, and saw 4 of its levels.

You collected 152 gold pieces.

Inventory:

Hand Weapons
 a - a +0 vampiric hand axe (weapon)
 i - a +0 spear
 k - a +1 short sword of venom
 u - a +3 vorpal long sword
Missiles
 f - 4 poisoned darts (quivered)
Armour
 e - the +1 leather armour "Loefigg" (worn) {MR++}
   (You found it on level 4 of the Dungeon)

   It affects your resistance to hostile enchantments.
Jewellery
 r - a ring of see invisible (left hand)
Scrolls
 d - a scroll of identify
 g - a scroll of teleportation
 h - a scroll of remove curse
 j - a scroll of amnesia {unknown}
 l - a scroll of fear {unknown}
 m - a scroll of fog {unknown}
 p - a scroll of blinking {unknown}
 v - 3 scrolls of magic mapping {unknown}
Potions
 b - a potion of lignification {unknown}
 n - a potion of invisibility
 o - 3 potions of stabbing
 q - a potion of flight
 s - 2 potions of resistance
Comestibles
 c - 5 rations
 t - a chunk of flesh


   Skills:
 + Level 3.5 Fighting
 * Level 6.6 Axes
 + Level 0.1 Throwing
 * Level 3.3 Armour
 * Level 2.7 Dodging
 + Level 0.4 Stealth
 * Level 2.1 Spellcasting


You had 10 spell levels left.
You didn't know any spells.
Your spell library was empty.

Dungeon Overview and Level Annotations

Branches:
Dungeon (4/15)
 Temple: D:4-7

Altars:
Yredelemnul


Innate Abilities, Weirdness & Mutations

You are resistant to damage.
You can heal yourself by infusing magical energy.
You passively map the area around you.
You do not regenerate.
Scrolls take you a little longer to read.
Your body sometimes deteriorates upon taking damage.
You are dopey. (Int -2)
You occasionally shout uncontrollably at your foes.


Message History

The ogre is poisoned.
You hit the ogre but do no damage.
The ogre is lightly wounded.
The ogre barely misses you.
You hit the ogre.
The ogre is lightly wounded.
The ogre misses you.
You hit the ogre.
You feel better.
The ogre is moderately wounded.
You hear Xom's avuncular chuckle.
The ogre is moving more slowly.
You are now a very special plaything of Xom.
The ogre hits you with a +0 giant club!
You slash the ogre!
The ogre is heavily wounded.
You hit the ogre but do no damage.
The ogre is heavily wounded.
The ogre hits you with a +0 giant club!!
You die...
Xom bursts into laughter!

#.# #.....#
#.......... #.#
#..##.###.########.
#.#
#.........<........
#.#
#.#################
#.####.## #.......#
######..# #..# #.@#
** #.O...# **
#.(.#.# *, , * *
#...# #* *, , ,
..... * * * ,*
....... , * ,,
....... ** * *,*
###...#..,* * * ,
,* * *


You could see an ogre (petrifying, poisoned).

Vanquished Creatures
  2 ogres (D:4)
  Blork the orc (D:4)
  2 orc wizards
  An iguana (D:4)
  Natasha (thrice) (D:2)
  4 gnolls
  4 adders
  A worm (D:2)
  2 dart slugs
  3 leopard geckos
  8 orcs
  2 bats
  3 giant cockroaches
  6 hobgoblins
  7 jackals
  A kobold (D:2)
  A ball python (D:3)
  2 frilled lizards
  2 goblins
  6 rats
61 creatures vanquished.

Notes
Turn   | Place    | Note
-------+----------+-------------------------------------------
     0 | D:1      | Esekla the Deep Dwarf Chaos Knight began the quest for the
                  | Orb.
     0 | D:1      | Reached XP level 1. HP: 20/20 MP: 1/1
   135 | D:1      | XOM: silly message
   260 | D:1      | Reached XP level 2. HP: 25/27 MP: 2/2
   401 | D:2      | Reached skill level 4 in Axes
   430 | D:2      | Reached XP level 3. HP: 20/33 MP: 3/3
   441 | D:2      | Noticed Natasha
   445 | D:2      | Killed Natasha
   479 | D:3      | Found a basalt altar of Yredelemnul.
   479 | D:3      | Noticed Terence
   526 | D:3      | XOM: scenery: 1 doors close
   532 | D:3      | Noticed Terence
   532 | D:3      | Terence changed into Terence the adder
   536 | D:3      | Killed Terence the adder
   536 | D:3      | Reached XP level 4. HP: 24/40 MP: 5/5
   545 | D:3      | Found a faded altar of an unknown god.
   698 | D:2      | XOM: give mutations
   698 | D:2      | Gained mutation: You occasionally shout uncontrollably at
                  | your foes. [Xom's mischief]
   698 | D:2      | Gained mutation: You are dopey. (Int -2) [Xom's mischief]
   698 | D:2      | Gained mutation: You are very dopey. (Int -4) [Xom's
                  | mischief]
   698 | D:2      | Gained mutation: You are frail. (-10% HP) [Xom's mischief]
   703 | D:2      | Noticed Natasha
   786 | D:2      | Killed Natasha
   786 | D:2      | Reached skill level 1 in Spellcasting
   868 | D:2      | XOM: noise
  1085 | D:2      | Reached skill level 5 in Axes
  1176 | D:1      | Reached XP level 5. HP: 33/44 MP: 6/6
  1234 | D:2      | XOM: give mutations
  1234 | D:2      | Gained mutation: Scrolls take you a little longer to read.
                  | [Xom's mischief]
  1234 | D:2      | Gained mutation: You are clumsy. (Dex -2) [Xom's mischief]
  1234 | D:2      | Gained mutation: You are weak. (Str -2) [Xom's mischief]
  1256 | D:2      | Noticed Natasha
  1272 | D:2      | Killed Natasha
  1464 | D:3      | XOM: 1-stop teleportation journey
  1847 | D:4      | Noticed Blork the orc
  1864 | D:4      | XOM: summons friendly shadow imp
  1889 | D:3      | Lost mutation: You are weak. (Str -2) [potion of mutation]
  1889 | D:3      | Lost mutation: You are very dopey. (Int -4) [potion of
                  | mutation]
  1889 | D:3      | Lost mutation: You are frail. (-10% HP) [potion of
                  | mutation]
  1889 | D:3      | Lost mutation: You are clumsy. (Dex -2) [potion of
                  | mutation]
  1889 | D:3      | Gained mutation: Your body sometimes deteriorates upon
                  | taking damage. [potion of mutation]
  1889 | D:3      | Gained mutation: You passively map the area around you.
                  | [potion of mutation]
  1924 | D:4      | Reached XP level 6. HP: 41/56 MP: 8/8
  1944 | D:4      | Got a bloodstained leather armour
  1979 | D:3      | Identified the +1 leather armour "Loefigg" {MR++} (You
                  | found it on level 4 of the Dungeon)
  2029 | D:4      | XOM: smoke on damage
  2037 | D:4      | Killed Blork the orc
  2041 | D:4      | XOM: silly message
  2126 | D:4      | XOM: blink monster(s)
  2139 | D:4      | XOM: butterfly on damage
  2143 | D:4      | Reached skill level 6 in Axes
  2211 | D:4      | Reached XP level 7. HP: 30/62 MP: 9/9
  2271 | D:4      | XOM: enchant monster (good)
  2273 | D:4      | Slain by an ogre

Illustrated notes

Levels and vault maps discovered:
D:1:      shiori_arrival_oz, layout_basic
D:2:      layout_loops_ring, serial_forest, infiniplex_forest_lined_2,
          infiniplex_forest_end_1, infiniplex_forest_corner_1,
          infiniplex_forest_clump_cross, infiniplex_forest_clump_medium,
          infiniplex_forest_end_2, infiniplex_forest_side_room, uniq_natasha
D:3:      layout_basic, lemuel_crystal_altar, first_ration,
          chequers_ecumenical_altar_simple_redux, uniq_terence
D:4:      layout_loops_ring, uniq_blork_the_orc

Skill      XL: |  1  2  3  4  5  6 |
---------------+-------------------+-----
Axes           | 4 5 6 |  6.6
Fighting       | 3 |  3.5
Dodging        | 2 |  2.7
Spellcasting   | 1 2 |  2.1
Armour         | 3 |  3.3
Throwing       | |  0.1
Stealth        | |  0.4

Action                   |  1- 3 |  4- 6 |  7- 9 || total
-------------------------+-------+-------+-------++-------
Melee: Hand axe          |    70 |   232 |     5 ||   307
Throw: Dart              |       |     2 |     1 ||     3
 Abil: Heal Wounds       |     1 |     6 |       ||     7
  Use: Scroll            |       |     8 |       ||     8
       Potion            |       |     1 |       ||     1
 Stab: Paralysed         |     2 |       |       ||     2
       Sleeping          |       |     1 |       ||     1
  Eat: Chunk             |       |     5 |       ||     5
Armor: Leather armour    |    16 |    56 |       ||    72
Dodge: Dodged            |    47 |   161 |     2 ||   210
